APL (24 & UNDER)
ATHENS ASSASSINS @ NANTUCKET ORCAS
06/29/2030
 
TOP OF THE 1ST
Athens Assassins batting - Pitching for Nantucket Orcas : RHP John Arnold
Pitching: RHP John Arnold
Batting: RHB Pat Johnston 0-0: Ball
1-0: SINGLE (Groundball, 6) (infield hit)
Batting: RHB Luis López 0-0: Ball
1-0: Swinging Strike
1-1: Ball
2-1: Ball
3-1: Called Strike
3-2: Foul Ball, location: 2F
3-2: SINGLE (Groundball, 56D)
Pat Johnston to second
Batting: RHB John Jones 0-0: Called Strike
0-1: Ball
1-1: Swinging Strike
1-2: DOUBLE (Line Drive, 8RXD)
Pat Johnston scores
Luis López to third
Batting: RHB Jonathon García 0-0: Ball
1-0: Fly out, F8 (Flyball, 8LM)
Runner from 3rd tags up, SCORES, throw made
Batting: RHB Maximino Abbado 0-0: Ball
1-0: Foul Ball, location: 2F
1-1: Ball
2-1: Foul Ball, location: 2F
2-2: Fly out, F9 (Line Drive, 9)
Batting: RHB Jorge Loanos 0-0: Ball
1-0: Ball
2-0: Foul Ball, location: 2F
2-1: Called Strike
2-2: Ball
3-2: 2-RUN HOME RUN (Flyball, 7LD), Distance : 344 ft
Batting: RHB Jake Erickson 0-0: Ball
1-0: Fly out, F7 (Flyball, 78M)
Top of the 1st over - 4 runs, 4 hits, 0 errors, 0 left on base; Athens 4 - Nantucket 0
BOTTOM OF THE 1ST
Nantucket Orcas batting - Pitching for Athens Assassins : RHP José López
Pitching: RHP José López
Batting: RHB Charlie Pérez 0-0: Called Strike
0-1: Ball
1-1: Ball
2-1: Foul Ball, location: 2F
2-2: Foul Ball, location: 2F
2-2: Foul Ball, location: 2F
2-2: Foul Ball, location: 2F
2-2: Strikes out swinging
Batting: RHB Demetrio Inrouville 0-0: Ball
1-0: Called Strike
1-1: Foul Ball, location: 2F
1-2: Strikes out swinging
Batting: LHB Eugene Lee 0-0: Ball
1-0: TRIPLE (Line Drive, 9D)
Batting: RHB Fernando Álvarez 0-0: Called Strike
0-1: Called Strike
0-2: Ball
1-2: Foul Ball, location: 2F
1-2: Ground out 3-1 (Groundball, 34)
Bottom of the 1st over - 0 runs, 1 hit, 0 errors, 1 left on base; Athens 4 - Nantucket 0
TOP OF THE 2ND
Athens Assassins batting - Pitching for Nantucket Orcas : RHP John Arnold
Batting: RHB Júlio Castillo 0-0: DOUBLE (Line Drive, 9LM)
Batting: RHB Alfonso Flores 0-0: Called Strike
0-1: Ball
1-1: Foul Ball, location: 2F
1-2: Strikes out swinging
Batting: RHB Pat Johnston 0-0: Ball
1-0: Ball
2-0: Ball
3-0: Called Strike
3-1: Ground out 6-3 (Groundball, 56)
Batting: RHB Luis López 0-0: Ball
1-0: Ball
2-0: SINGLE (Groundball, 6MD)
Júlio Castillo to third
Runner from 3rd tries for Home, SAFE, no throw
Batting: RHB John Jones 0-0: Ball
1-0: Ball
2-0: DOUBLE (Flyball, 8RXD)
Luis López to third
Runner from 3rd tries for Home, SAFE, no throw
Batting: RHB Jonathon García 0-0: Ball
1-0: Ball
2-0: Fly out, F9 (Line Drive, 9LM)
Top of the 2nd over - 2 runs, 3 hits, 0 errors, 1 left on base; Athens 6 - Nantucket 0
BOTTOM OF THE 2ND
Nantucket Orcas batting - Pitching for Athens Assassins : RHP José López
Batting: LHB Dennis King 0-0: Called Strike
0-1: Ground out 4-3 (Groundball, 4)
Batting: LHB Alfonso Vélez 0-0: Ball
1-0: Foul Ball, location: 2F
1-1: Fly out, F7 (Flyball, 7)
Batting: RHB Paul Bell 0-0: Swinging Strike
0-1: Ball
1-1: Called Strike
1-2: Ball
2-2: Foul Ball, location: 2F
2-2: Ball
3-2: Foul Ball, location: 2F
3-2: Ground out 5-3 (Groundball, 56)
Bottom of the 2nd over - 0 runs, 0 hits, 0 errors, 0 left on base; Athens 6 - Nantucket 0
TOP OF THE 3RD
Athens Assassins batting - Pitching for Nantucket Orcas : RHP John Arnold
Batting: RHB Maximino Abbado 0-0: Called Strike
0-1: Ball
1-1: Swinging Strike
1-2: Strikes out swinging
Batting: RHB Jorge Loanos 0-0: Ball
1-0: Ball
2-0: Called Strike
2-1: Ball
3-1: Base on Balls
Batting: RHB Jake Erickson 0-0: Ball
1-0: Ball
2-0: Called Strike
Jorge Loanos steals 2nd base
2-1: Foul Ball, location: 2F
2-2: Foul Ball, location: 2F
2-2: DOUBLE (Line Drive, 78D)
Jorge Loanos scores
Batting: RHB Júlio Castillo 0-0: Foul Ball, location: 2F
0-1: Ball
1-1: Ball
2-1: Called Strike
2-2: Ball
3-2: Foul Ball, location: 2F
3-2: Ground out 6-3 (Groundball, 6)
Batting: RHB Alfonso Flores 0-0: Ball
1-0: Swinging Strike
1-1: Ball
2-1: SINGLE (Line Drive, 78M)
Jake Erickson to third
Runner from 3rd tries for Home, SAFE, no throw
Pitching: RHP Jorge González
Batting: RHB Pat Johnston 0-0: Called Strike
0-1: Fly out, F9 (Flyball, 9LMF)
Top of the 3rd over - 2 runs, 2 hits, 0 errors, 1 left on base; Athens 8 - Nantucket 0
BOTTOM OF THE 3RD
Nantucket Orcas batting - Pitching for Athens Assassins : RHP José López
Batting: RHB Curt O'Brian 0-0: Foul Ball, location: 2F
0-1: Foul Ball, location: 2F
0-2: Strikes out swinging
Batting: RHB Norberto Navarro 0-0: Called Strike
0-1: Ball
1-1: Ball
2-1: Called Strike
2-2: Foul Ball, location: 2F
2-2: Ball
3-2: SINGLE (Line Drive, 7)
Batting: RHB Charlie Pérez 0-0: Ball
1-0: Called Strike
1-1: Swinging Strike
1-2: Strikes out looking
Batting: RHB Demetrio Inrouville 0-0: Called Strike
0-1: Ball
1-1: Ball
2-1: Ground out 4-3 (Groundball, 4)
Bottom of the 3rd over - 0 runs, 1 hit, 0 errors, 1 left on base; Athens 8 - Nantucket 0
TOP OF THE 4TH
Athens Assassins batting - Pitching for Nantucket Orcas : RHP Jorge González
Batting: RHB Luis López 0-0: Ball
1-0: Called Strike
1-1: Ball
2-1: Fly out, F6 (Popup, 6S)
Batting: RHB John Jones 0-0: Ball
1-0: Fly out, F8 (Flyball, 78M)
Batting: RHB Jonathon García 0-0: Ball
1-0: Ball
2-0: Foul Ball, location: 2F
2-1: Ball
3-1: Base on Balls
Batting: RHB Maximino Abbado 0-0: Fly out, F9 (Flyball, 9LS)
Top of the 4th over - 0 runs, 0 hits, 0 errors, 1 left on base; Athens 8 - Nantucket 0
BOTTOM OF THE 4TH
Nantucket Orcas batting - Pitching for Athens Assassins : RHP José López
Batting: LHB Eugene Lee 0-0: Foul Ball, location: 2F
0-1: Ball
1-1: Called Strike
1-2: Ball
2-2: Ball
3-2: Foul Ball, location: 2F
3-2: Base on Balls
Batting: RHB Fernando Álvarez 0-0: Grounds into double play, 5-4-3 (Groundball, 56)
Batting: LHB Dennis King 0-0: Called Strike
0-1: Ball
1-1: Called Strike
1-2: Strikes out swinging
Bottom of the 4th over - 0 runs, 0 hits, 0 errors, 0 left on base; Athens 8 - Nantucket 0
TOP OF THE 5TH
Athens Assassins batting - Pitching for Nantucket Orcas : RHP Jorge González
Batting: RHB Jorge Loanos 0-0: Called Strike
0-1: Ground out 6-3 (Groundball, 6)
Batting: RHB Jake Erickson 0-0: Swinging Strike
0-1: Called Strike
0-2: Ball
1-2: Ball
2-2: Foul Ball, location: 2F
2-2: Foul Ball, location: 2F
2-2: SOLO HOME RUN (Flyball, 78XD), Distance : 400 ft
Batting: RHB Júlio Castillo 0-0: Fly out, F7 (Flyball, 7LS)
Batting: RHB Alfonso Flores 0-0: Called Strike
0-1: Ball
1-1: Called Strike
1-2: Ball
2-2: Strikes out looking
Top of the 5th over - 1 run, 1 hit, 0 errors, 0 left on base; Athens 9 - Nantucket 0
BOTTOM OF THE 5TH
Nantucket Orcas batting - Pitching for Athens Assassins : RHP José López
Batting: LHB Alfonso Vélez 0-0: Swinging Strike
0-1: Reached on error, E3 (Groundball, 34S)
Batting: RHB Paul Bell 0-0: Fly out, F9 (Line Drive, 9)
Batting: RHB Curt O'Brian 0-0: TRIPLE (Flyball, 78XD)
Alfonso Vélez scores
Batting: RHB Norberto Navarro 0-0: Ball
1-0: Called Strike
1-1: Ball
2-1: SINGLE (Line Drive, 6)
Curt O'Brian scores
Batting: RHB Charlie Pérez 0-0: Foul Ball, location: 2F
0-1: Foul Ball, location: 2F
0-2: Strikes out swinging
Norberto Navarro is caught stealing 2nd base
Batter strikes out.
Bottom of the 5th over - 2 runs, 2 hits, 1 error, 0 left on base; Athens 9 - Nantucket 2
TOP OF THE 6TH
Athens Assassins batting - Pitching for Nantucket Orcas : RHP Jorge González
Batting: RHB Pat Johnston 0-0: Called Strike
0-1: Swinging Strike
0-2: Ball
1-2: Foul Ball, location: 2F
1-2: Ball
2-2: Ball
3-2: Strikes out looking
Batting: RHB Luis López 0-0: Ball
1-0: Swinging Strike
1-1: Ball
2-1: Called Strike
2-2: Strikes out looking
Batting: RHB John Jones 0-0: Fly out, F6 (Line Drive, 6)
Top of the 6th over - 0 runs, 0 hits, 0 errors, 0 left on base; Athens 9 - Nantucket 2
BOTTOM OF THE 6TH
Nantucket Orcas batting - Pitching for Athens Assassins : RHP José López
Batting: RHB Demetrio Inrouville 0-0: Foul Ball, location: 2F
0-1: Called Strike
0-2: SINGLE (Groundball, 34D)
Batting: LHB Eugene Lee 0-0: Foul Ball, location: 2F
0-1: Foul Ball, location: 2F
0-2: Ball
1-2: Ball
2-2: Foul Ball, location: 2F
2-2: Ball
3-2: Foul Ball, location: 2F
3-2: Fielders Choice at 2nd, 3-6 (Groundball, 34)
Batting: RHB Fernando Álvarez 0-0: SINGLE (Groundball, 34) (infield hit)
Eugene Lee to second
Batting: LHB Dennis King 0-0: Ball
1-0: Foul Ball, location: 2F
1-1: Fielders Choice at 2nd, 6-4 (Groundball, 6)
Eugene Lee to third
Batting: LHB Alfonso Vélez 0-0: Called Strike
0-1: Ball
1-1: Fielders Choice at 2nd, U6 (Groundball, 6M)
Bottom of the 6th over - 0 runs, 2 hits, 0 errors, 2 left on base; Athens 9 - Nantucket 2
TOP OF THE 7TH
Athens Assassins batting - Pitching for Nantucket Orcas : RHP Jorge González
Pitching: RHP Jason Karnes
Batting: RHB Jonathon García 0-0: Ball
1-0: Ball
2-0: Called Strike
2-1: Foul Ball, location: 2F
2-2: Strikes out swinging, 2-3 out at first.
Batting: RHB Maximino Abbado 0-0: Called Strike
0-1: Called Strike
0-2: Ball
1-2: Strikes out looking
Batting: RHB Jorge Loanos 0-0: Fly out, F8 (Flyball, 8LD)
Top of the 7th over - 0 runs, 0 hits, 0 errors, 0 left on base; Athens 9 - Nantucket 2
BOTTOM OF THE 7TH
Nantucket Orcas batting - Pitching for Athens Assassins : RHP José López
Batting: RHB Paul Bell 0-0: Called Strike
0-1: Ball
1-1: Called Strike
1-2: SINGLE (Groundball, 56D)
Batting: RHB Curt O'Brian 0-0: Called Strike
0-1: Ball
1-1: Ball
2-1: Foul Ball, location: 2F
2-2: Fly out, F8 (Flyball, 8RM)
Batting: RHB Norberto Navarro 0-0: Called Strike
0-1: Foul Ball, location: 2F
0-2: Ball
1-2: Ball
2-2: Foul Ball, location: 2F
2-2: Foul Ball, location: 2F
2-2: Strikes out swinging
Batting: RHB Charlie Pérez 0-0: Fly out, F9 (Flyball, 9)
Bottom of the 7th over - 0 runs, 1 hit, 0 errors, 1 left on base; Athens 9 - Nantucket 2
TOP OF THE 8TH
Athens Assassins batting - Pitching for Nantucket Orcas : RHP Jason Karnes
Batting: RHB Jake Erickson 0-0: Ball
1-0: Ball
2-0: Ball
3-0: Foul Ball, location: 2F
3-1: Base on Balls
Batting: RHB Júlio Castillo 0-0: Foul Ball, location: 2F
0-1: SINGLE (Groundball, 6MD)
Jake Erickson to second
Runner from 2nd tries for 3rd, SAFE, no throw
Batting: RHB Alfonso Flores 0-0: Called Strike
0-1: Foul Ball, location: 2F
0-2: Foul Ball, location: 2F
0-2: Ball
1-2: Strikes out swinging
Batting: RHB Pat Johnston 0-0: Ball
Júlio Castillo steals 2nd base
1-0: Ball
2-0: Ball
3-0: Base on Balls
Batting: RHB Luis López 0-0: Ball
1-0: Swinging Strike
1-1: Foul Ball, location: 2F
1-2: Ball
2-2: Strikes out swinging
Batting: RHB John Jones 0-0: Called Strike
0-1: Ball
1-1: SINGLE (Line Drive, 8LS)
Jake Erickson scores
Júlio Castillo to third
Pat Johnston to second
Batting: RHB Jonathon García 0-0: Ball
1-0: Called Strike
1-1: Swinging Strike
1-2: Ball
2-2: Strikes out swinging
Top of the 8th over - 1 run, 2 hits, 0 errors, 3 left on base; Athens 10 - Nantucket 2
BOTTOM OF THE 8TH
Nantucket Orcas batting - Pitching for Athens Assassins : RHP José López
Now at 1B: Justin Tomlinson
Now in LF: William Ewing
Batting: RHB Demetrio Inrouville 0-0: Swinging Strike
0-1: Foul Ball, location: 2F
0-2: Strikes out swinging
Batting: LHB Eugene Lee 0-0: Called Strike
0-1: Ball
1-1: Swinging Strike
1-2: Ball
2-2: Foul Ball, location: 2F
2-2: Foul Ball, location: 2F
2-2: Foul Ball, location: 2F
2-2: Ground out U3 (Groundball, 3)
Batting: RHB Fernando Álvarez 0-0: Ball
1-0: Foul Ball, location: 2F
1-1: Foul Ball, location: 2F
1-2: Ball
2-2: Ground out 4-3 (Groundball, 4)
Bottom of the 8th over - 0 runs, 0 hits, 0 errors, 0 left on base; Athens 10 - Nantucket 2
TOP OF THE 9TH
Athens Assassins batting - Pitching for Nantucket Orcas : RHP Jason Karnes
Batting: RHB Maximino Abbado 0-0: Ball
1-0: Ball
2-0: Ball
3-0: Called Strike
3-1: Base on Balls
Batting: RHB Jorge Loanos 0-0: Foul Ball, location: 2F
0-1: Ball
1-1: Fly out, F9 (Flyball, 89S)
Batting: RHB Jake Erickson 0-0: Called Strike
Maximino Abbado is caught stealing 2nd base
0-1: Foul Ball, location: 2F
0-2: Ball
1-2: Foul Ball, location: 2F
1-2: Ball
2-2: Ground out 6-3 (Groundball, 6)
Top of the 9th over - 0 runs, 0 hits, 0 errors, 0 left on base; Athens 10 - Nantucket 2
BOTTOM OF THE 9TH
Nantucket Orcas batting - Pitching for Athens Assassins : RHP José López
Pitching: RHP Franklin Booth
Now in CF: Josh Bergman
Batting: LHB Dennis King 0-0: Ball
1-0: Foul Ball, location: 2F
1-1: Called Strike
1-2: Foul Ball, location: 2F
1-2: Foul Ball, location: 2F
1-2: Strikes out swinging
Batting: LHB Alfonso Vélez 0-0: Called Strike
0-1: SINGLE (Groundball, 56D)
Batting: RHB Paul Bell 0-0: DOUBLE (Line Drive, 7LM)
Alfonso Vélez to third
Batting: RHB Curt O'Brian 0-0: Called Strike
0-1: Foul Ball, location: 2F
0-2: Ball
1-2: Strikes out swinging
Batting: RHB Norberto Navarro 0-0: Ball
1-0: Ground out 5-3 (Groundball, 56)
Bottom of the 9th over - 0 runs, 2 hits, 0 errors, 2 left on base; Athens 10 - Nantucket 2
Saturday, April 7th, 2018 - OOTP Baseball 18.8 Build 76